 Dungeon Crawl Stone Soup version 0.24-a0-416-g56ce5178b7 (webtiles) character file.

Game seed: 4202594688687946384

194 KristoblXynda the Slasher (level 5, 0/45 HPs)
             Began as a Draconian Gladiator on June 8, 2019.
             Was an Initiate of Gozag.
             Killed by divine providence
             ... invoked by an orc priest
              (15 damage)
             ... on level 3 of the Dungeon.
             The game lasted 00:05:25 (3663 turns).

KristoblXynda the Slasher (Draconian Gladiator)     Turns: 3663, Time: 00:05:26

Health: 0/45       AC:  7    Str: 16    XL:     5   Next: 44%
Magic:  5/5        EV: 13    Int: 10    God:    Gozag
Gold:   88         SH:  0    Dex: 12    Spells: 1/4 levels left

rFire    . . .     SeeInvis .   a - +1 long sword
rCold    + . .     Gourm    .   (no shield)
rNeg     . . .     Faith    .   (armour unavailable)
rPois    .         Spirit   .   b - +0 hat
rElec    .         Reflect  .   (no cloak)
rCorr    .         Harm     .   (no gloves)
MR       .....                  (no boots)
Stlth    +.........             (no amulet)
HPRegen  0.15/turn              s - +2 ring of protection
MPRegen  0.09/turn              r - ring of protection from cold

@: gold aura
A: unfitting armour, cold-blooded, AC +5
a: Potion Petition, Call Merchant, Bribe Branch, Renounce Religion


You were on level 3 of the Dungeon.
You worshipped Gozag.
Gozag was noncommittal.
You were hungry.

You visited 1 branch of the dungeon, and saw 3 of its levels.

You collected 116 gold pieces.
You paid 28 gold pieces to Gozag.

Inventory:

Hand Weapons
 a - a +1 long sword (weapon)
 t - a +1 whip of holy wrath
Missiles
 c - 3 throwing nets (quivered)
 g - 16 poisoned darts
Armour
 b - a +0 hat (worn)
Jewellery
 k - an uncursed ring of positive energy
 r - a ring of protection from cold (right hand)
 s - a +2 ring of protection (left hand)
Scrolls
 f - 2 scrolls of enchant weapon
 h - 5 scrolls of teleportation
 i - 2 scrolls of remove curse
 j - a scroll of amnesia
 m - a scroll of magic mapping {unknown}
 n - 2 scrolls of fog {unknown}
 o - a scroll of identify
Potions
 e - 2 potions of heal wounds
 l - a potion of magic {unknown}
 p - a potion of agility {unknown}
 q - a potion of brilliance
Comestibles
 d - 10 rations


   Skills:
 + Level 3.6 Fighting
 * Level 4.8 Long Blades
 - Level 2.0 Throwing
 + Level 3.5 Dodging


You had one spell level left.
You knew the following spells:

 Your Spells              Type           Power        Failure   Level  Hunger
a - Mephitic Cloud        Conj/Pois/Air  #.......     75%         3    ####...

Your spell library contained the following spells:

 Spells                   Type           Power        Failure   Level  Hunger
 Sting                    Conj/Pois      #...         36%         1    ##.....
 Poisonous Vapours        Pois/Air       #.....       50%         2    ###....
 Olgreb's Toxic Radiance  Pois           #.......     98%         4    #####..
 Venom Bolt               Conj/Pois      #.........   100%        5    ######.


Dungeon Overview and Level Annotations

Branches:
Dungeon (3/15)

Altars:
Gozag

Shops:
D:3 *

Annotations:
D:3 1 runed translucent door, Crazy Yiuf


Innate Abilities, Weirdness & Mutations

Your plain brown scales are hard. (AC +5)
You cannot fit into any form of body armour.
You are cold-blooded and may be slowed by cold attacks.


Message History

The orc wizard casts a spell at you. The puff of flame hits you!
You closely miss the orc wizard.
The orc wizard is almost dead.
The orc wizard gestures at you while chanting.
The magic dart hits you.
You slash the orc wizard!
You kill the orc wizard!
You start resting.
The orc priest is too close now for your liking.
You hit the orc priest but do no damage.
The orc priest hits you.
You hit the orc priest but do no damage.
The orc priest misses you.
You hit the orc priest.
The orc priest is lightly wounded.
The orc priest calls down the wrath of Beogh upon you.
Beogh smites you!
You die...
Your body crumbles into a pile of gold.

.###########.# .#
###.##### .#
#.......# .#
#####.#(###.#
######.>.....###.#
..............##.#
######...........#
...# #.###.##.#..#
##.# #.# #.....$@#
.#.# #.######(#o##
.#.#
#.#......#...^o...
...#
#.#.)....#####...[
.### #........# ..
.# #.#......# .#
#.#......# .#
#.##..##.# .#
#.#......#


You could see an orc priest.

Vanquished Creatures
  2 orc wizards (D:3)
  7 adders
  An ooze (D:1)
  A worm (D:2)
  3 dart slugs
  4 leopard geckos
  8 orcs (D:3)
  2 giant cockroaches
  6 hobgoblins
  2 ball pythons
  2 bats
  4 frilled lizards
  2 goblins
  9 kobolds
  6 rats
59 creatures vanquished.

Notes
Turn   | Place    | Note
-------+----------+-------------------------------------------
     0 | D:1      | KristoblXynda the Draconian Gladiator began the quest for
                  | the Orb.
     0 | D:1      | Reached XP level 1. HP: 17/17 MP: 1/1
   416 | D:1      | Reached XP level 2. HP: 17/25 MP: 2/2
  1500 | D:1      | Reached XP level 3. HP: 30/30 MP: 3/3
  2477 | D:3      | Reached skill level 4 in Long Blades
  2477 | D:3      | Reached XP level 4. HP: 26/38 MP: 4/4
  2823 | D:3      | Learned a level 3 spell: Mephitic Cloud
  3109 | D:3      | Reached XP level 5. HP: 38/45 MP: 5/5
  3415 | D:3      | Found a runed translucent door.
  3416 | D:3      | Noticed Crazy Yiuf
  3487 | D:3      | Found an opulent altar of Gozag.
  3492 | D:3      | Found Gozag's Platinum Reserve.
  3506 | D:3      | Became a worshipper of Gozag Ym Sagoz the Greedy
  3663 | D:3      | Killed from afar by an orc priest

Levels and vault maps discovered:
D:1:      lemuel_arrival_broad_hall, layout_basic
D:2:      layout_basic, minmay_liquid_box
D:3:      layout_loops_ring, nicolae_gozag_zags_fifth_avenue,
          chequers_serial_rivers_room_a, grunt_ministairs_1,
          uniq_crazy_yiuf_cottage

Skill      XL: |  1  2  3 |
---------------+----------+-----
Throwing       | 2 |  2.0
Dodging        | 3 |  3.5
Fighting       | 3 |  3.6
Long Blades    | 4 |  4.8

Action                   |  1- 3 |  4- 6 || total
-------------------------+-------+-------++-------
Melee: Long sword        |    93 |    87 ||   180
       Tailslap          |    11 |    13 ||    24
  Use: Scroll            |       |     6 ||     6
 Stab: Sleeping          |     1 |     1 ||     2
  Eat: Chunk             |     5 |     3 ||     8
Armor: Skin              |    24 |    20 ||    44
Dodge: Dodged            |    68 |    72 ||   140
       Rpst.: Long sword |    21 |    24 ||    45

Table legend:
 A = Non-vault XP
 B = Vault XP
 C = Vault XP percentage of total XP
 D = Non-vault monster count
 E = Vault monster count
 F = Vault count percentage of total count
                 A         B        C        D         E       F
            +---------+---------+-------+---------+---------+-------
      Total |     274 |       4 |   1.4 |      57 |       2 |   3.4
            +---------+---------+-------+---------+---------+-------
        D:1 |      41 |       0 |   0.0 |      20 |       0 |   0.0
        D:2 |      51 |       0 |   0.0 |       7 |       0 |   0.0
        D:3 |     182 |       4 |   2.2 |      30 |       2 |   6.2
            +---------+---------+-------+---------+---------+-------
